 Dungeon Crawl Stone Soup version 0.28.0-53-g5a82cb258f (webtiles) character file.

Game seed: 4197181492711993743

413 ILmort the Chopper (level 6, -1/84 HPs)
             Began as a Hill Orc Fighter on Aug 16, 2022.
             Was an Initiate of Nemelex Xobeh.
             Slain by Sigmund
             ... wielding a +1 vampiric scythe
              (4 damage)
             ... on level 4 of the Dungeon.
             The game lasted 00:06:38 (2582 turns).

ILmort the Chopper (Hill Orc Fighter)               Turns: 2582, Time: 00:06:39

Health: -1/84      AC: 23    Str: 21    XL:     6   Next: 90%
Magic:  6/6        EV:  2    Int:  8    God:    Nemelex Xobeh [......]
Gold:   87         SH:  4    Dex: 10    Spells: 5/5 levels left

rFire   . . .      SeeInvis .   a - +0 war axe
rCold   . . .      Faith    .   c - +0 buckler
rNeg    . . .      Spirit   .   (armour currently unavailable)
rPois   +          Reflect  .   (helmet currently unavailable)
rElec   .          Harm     .   (cloak currently unavailable)
rCorr   .          Rampage  .   (gloves currently unavailable)
Will    .....      NoTele   +   (boots currently unavailable)
Stlth   +.........              (no amulet)
HPRegen 0.24/turn               (no ring)
MPRegen 0.10/turn               (no ring)

@: mighty, tree-form
A: stationary, stasis, torment immunity, boosted hp
a: Renounce Religion, Draw Escape, Draw Destruction, Draw Summoning


You were on level 4 of the Dungeon.
You worshipped Nemelex Xobeh.
Nemelex Xobeh was noncommittal.
You were a tree.
You visited 1 branch of the dungeon, and saw 4 of its levels.

You collected 87 gold pieces.

Inventory:

Hand Weapons
 a - a +0 war axe (weapon)
Armour
 b - a +0 scale mail (melded)
 c - a +0 buckler (worn)
 h - a +0 pair of gloves (melded)
 j - a +0 hat
Scrolls
 f - a scroll of amnesia
 i - a scroll of identify
Potions
 g - a potion of lignification


   Skills:
 * Level 5.1 Fighting
 + Level 7.5 Axes
 + Level 4.0 Armour
 + Level 4.0 Shields


You had 5 spell levels left.
You didn't know any spells.
Your spell library contained the following spells:

 Spells                   Type           Power      Damage    Failure   Level
 Ensorcelled Hibernation  Hex/Ice        0%         N/A       63%         2
 Passwall                 Tmut/Erth      0%         N/A       63%         2
 Swiftness                Air            0%         N/A       86%         3


Dungeon Overview and Level Annotations

Branches:
Dungeon (4/15)
 Temple: D:4-7

Altars:
Hepliaklqana
Nemelex Xobeh

Annotations:
D:4 Sigmund


Message History

You feel sick.
Sigmund screams, "Don't try to resist!"
Sigmund mumbles some strange words.
Sigmund flickers and vanishes!
Deactivating autopickup; reactivate with Ctrl-A.
You cannot move.
Autopickup is now on.
You cannot move.
You feel sick.
You barely miss the scorpion.
You feel sick. The scorpion stings you.
* * * LOW HITPOINT WARNING * * *
The scorpion stings you but does no damage.
You barely miss the scorpion.
You feel sick.
The scorpion stings you but does no damage.
You slash the scorpion!
You feel sick.
The scorpion stings you but does no damage.
Something hits you!
* * * LOW HITPOINT WARNING * * *
Deactivating autopickup; reactivate with Ctrl-A.
You block the scorpion's attack.
You slash the scorpion!
You kill the scorpion!
You feel sick.
Your Fighting skill increases to level 5!
Your Armour skill increases to level 4!
Your Shields skill increases to level 4!
You feel sick.
You are no longer poisoned.
You block something's attack. Something hits you.
* * * LOW HITPOINT WARNING * * *
Okay, then.
As you read the scroll labelled OLATANI RE BEF, it crumbles to dust.
It is a scroll of identify.
f - a scroll of amnesia
As you read the scroll labelled YVAPIB ZOEPUVU, it crumbles to dust.
You feel a strange sense of stasis.
It was a scroll of teleportation.
Something hits you.
You die...
Your body disappears without a glow.

♣'♣♣♣+♣ ♣.....♣
♣.≈≈≈.♣ ##♣.....♣
#.+.._..+
#.♣.....♣.....(..
#.♣{≈≈≈.♣........
#.♣†....♣.......
#.♣♣♣♣♣+♣......
#.....#......#
##....#.>....#
#....##.....#
#....##.....##
#............#
#............#
#.......)....#
#....###..<.##


There were no monsters in sight!

Vanquished Creatures
  Eustachio (D:4)
  2 scorpions (D:4)
  Natasha (thrice) (D:3)
  2 adders (D:2)
  An adder skeleton (D:4)
  A worm (D:2)
  2 dart slugs
  2 orcs (D:3)
  7 ball pythons
  8 endoplasms
  4 giant cockroaches
  4 goblins
  8 hobgoblins
  A quokka (D:3)
  3 bats
  3 frilled lizards
  5 kobolds
  4 rats
61 creatures vanquished.

Notes
Turn   | Place    | Note
-------+----------+-------------------------------------------
     0 | D:1      | ILmort the Hill Orc Fighter began the quest for the Orb.
     0 | D:1      | Reached XP level 1. HP: 19/19 MP: 1/1
    16 | D:1      | Reached skill level 3 in Axes
   225 | D:1      | Found a faded altar of an unknown god.
   250 | D:1      | Reached XP level 2. HP: 26/26 MP: 2/2
   335 | D:1      | Reached skill level 4 in Axes
   615 | D:1      | Reached XP level 3. HP: 26/31 MP: 3/3
  1125 | D:2      | Reached skill level 5 in Axes
  1308 | D:2      | Reached XP level 4. HP: 36/39 MP: 4/4
  1601 | D:3      | Found a hazy altar of Hepliaklqana.
  1657 | D:3      | Reached skill level 6 in Axes
  1921 | D:3      | Noticed Natasha
  1927 | D:3      | Killed Natasha
  2050 | D:3      | Noticed Natasha
  2060 | D:3      | Killed Natasha
  2061 | D:3      | Reached XP level 5. HP: 37/45 MP: 5/5
  2155 | D:3      | Noticed Natasha
  2163 | D:3      | Killed Natasha
  2164 | D:3      | Reached skill level 7 in Axes
  2289 | D:4      | Noticed Eustachio
  2320 | D:4      | Killed Eustachio
  2321 | D:4      | Reached XP level 6. HP: 23/53 MP: 6/6
  2539 | D:4      | Found a sparkling altar of Nemelex Xobeh.
  2549 | D:4      | Became a worshipper of Nemelex Xobeh the Trickster
  2557 | D:4      | Noticed Sigmund
  2579 | D:4      | Reached skill level 5 in Fighting
  2580 | D:4      | HP: 3/84 [something (4)]
  2582 | D:4      | Slain by Sigmund

Illustrated notes

Levels and vault maps discovered:
D:1:      mushboom_english_gardens, layout_rooms,
          hellmonk_ecumenical_altar_leap_of_faith
D:2:      layout_rooms, minmay_door_square
D:3:      layout_loops_ring, nicolae_overflow_hidden_temple, uniq_natasha
D:4:      layout_gridville, kennysheep_orc_sif_temple,
          mainiacjoe_overflow_six_doors_small, minmay_temple_entry_ruins,
          serial_shops, shop, gammafunk_ghost_nasty_kobolds, uniq_sigmund,
          uniq_eustachio

Skill      XL: |  1  2  3  4  5  6 |
---------------+-------------------+-----
Axes           | 3 4 5 6 7 |  7.5
Fighting       | 4 5 |  5.1
Armour         | 4 |  4.0
Shields        | 4 |  4.0

Action                   |  1- 3 |  4- 6 || total
-------------------------+-------+-------++-------
Melee: War axe           |    78 |    98 ||   176
  Use: Scroll            |       |     3 ||     3
       Potion            |       |     3 ||     3
Armor: Scale mail        |    37 |    85 ||   122
       Skin              |       |     3 ||     3
Dodge: Dodged            |    34 |    58 ||    92
Block: Buckler           |    17 |    27 ||    44
